Map: Glittering Ashes LE

Players

FatSmurf - Winner!

  • Race: Zerg Zerg
  • League: Master
  • Spawn Location: 1:00

Osiris

  • Race: Terran Terran
  • League: Diamond
  • Spawn Location: 7:00

VOD

Have the link to the VOD?

Description

Time

  • Played on: July 19, 2022, 8:57 a.m.
  • Length: 7:58
Show
View Real Time Build Order
Export as new Build Order

FatSmurf Zerg - Winner!

Build Orders: Hatch First 

Get SALT Encoding   

  12  0:00  Drone  
  13  0:12  Overlord  
  13  0:17  Drone  
  14  0:30  Drone  
  14  0:31  Drone  
  16  0:47  Hatchery  
  15  0:51  Drone  
  15  0:55  Drone  
  17  0:58  Drone  
  18  1:09  Extractor  
  17  1:13  Spawning Pool  
  17  1:16  Drone  
  17  1:20  Drone  
  18  1:29  Drone  
  19  1:40  Drone  
  20  1:50  Drone  
  21  2:00  Queen  
  21  2:01  Queen  
  23  2:02  Zergling x4  
  27  2:13  Hatchery  
  26  2:17  Overlord  
  26  2:21  Drone  
  27  2:23  Drone  
  28  2:50  Drone x4  
  28  2:51  Queen  
  34  2:56  Metabolic Boost  
  34  2:58  Drone x2  
  36  3:13  Overlord x2  
  36  3:26  Queen  
  36  3:28  Queen  
  36  3:30  Drone x2  
  36  3:32  Drone x3  
  45  3:34  Drone x2  
  47  3:42  Drone x5  
  52  3:52  Overlord x2  
  52  3:54  Drone  
  53  4:02  Queen  
  53  4:04  Queen  
  57  4:19  Lair  
  57  4:20  Drone x2  
  57  4:23  Extractor, Drone x3  
  57  4:24  Extractor, Drone x2  
  63  4:25  Drone x3  
  63  4:27  Drone  
  63  4:28  Drone  
  67  4:35  Overlord x2  
  67  4:41  Roach Warren  
  67  4:42  Queen  
  67  4:43  Evolution Chamber  
  67  4:44  Queen  
  67  4:45  Evolution Chamber  
  68  4:46  Drone x2  
  68  4:47  Drone  
  68  4:48  Drone  
  68  4:49  Drone  
  68  4:51  Drone  
  74  5:05  Spore Crawler  
  73  5:08  Spore Crawler, Drone x4  
  73  5:09  Overlord x2  
  73  5:11  Zerg Missile Weapons Level 1  
  73  5:12  Zerg Ground Armor Level 1  
  73  5:14  Overlord  
  76  5:17  Extractor  
  76  5:18  Extractor, Drone x2  
  76  5:24  Queen  
  76  5:25  Queen  
  76  5:28  Drone  
  81  5:30  Drone x2  
  81  5:31  Drone  
  84  5:40  Overlord, Drone x3  
  87  5:44  Drone  
  87  5:48  Drone  
  87  5:49  Roach x3  
  95  5:51  Extractor  
  95  5:52  Hatchery  
  93  6:00  Roach x3  
  93  6:01  Roach x3  
  105  6:06  Drone  
  105  6:07  Overlord  
  105  6:08  Overlord x2  
  105  6:09  Overlord  
  106  6:25  Overlord x2  
  105  6:27  Glial Reconstitution  
  105  6:28  Drone x2  
  107  6:35  Drone  
  108  6:43  Roach x4  
  108  6:44  Roach x6  
  128  6:47  Hatchery  
  127  6:57  Drone x3  
  127  6:58  Drone x5  
  135  7:09  Drone  
  135  7:11  Drone  
  135  7:12  Spire  
  135  7:13  Queen  
  135  7:14  Infestation Pit, Drone x3  
  135  7:15  Drone x2  
  142  7:19  Extractor x2  
  140  7:33  Ravager  
  140  7:34  Overlord, Ravager x10  
  140  7:35  Overlord x3  
  151  7:37  Overlord x3  
Show
View Real Time Build Order
Export as new Build Order

Osiris Terran 

Build Orders: Reaper Expand 

Get SALT Encoding   

  12  0:00  SCV  
  13  0:12  SCV  
  14  0:17  Supply Depot  
  14  0:24  SCV  
  15  0:39  SCV  
  15  0:40  Barracks  
  16  0:51  SCV  
  17  0:58  Refinery  
  17  1:03  SCV  
  18  1:15  SCV  
  19  1:28  Orbital Command  
  19  1:37  Command Center  
  19  1:41  Reaper  
  20  1:48  Supply Depot  
  20  1:53  SCV  
  21  2:08  SCV  
  21  2:13  Marine  
  23  2:18  Factory  
  23  2:25  SCV  
  24  2:33  Command Center  
  24  2:35  Barracks Reactor  
  24  2:40  Refinery  
  24  2:48  SCV  
  25  2:51  Orbital Command  
  24  3:00  SCV  
  25  3:12  SCV  
  26  3:16  Barracks  
  26  3:18  Hellion x2  
  30  3:20  Barracks Tech Lab, SCV  
  30  3:26  SCV  
  32  3:29  Barracks  
  32  3:33  SCV  
  33  3:38  SCV  
  33  3:40  Stimpack  
  34  3:44  Hellion  
  34  3:45  SCV  
  37  3:49  Orbital Command  
  37  3:52  Marine  
  37  3:55  Hellion  
  40  3:59  SCV  
  40  4:00  SCV  
  42  4:05  Barracks Reactor  
  42  4:10  Marine  
  42  4:11  SCV  
  42  4:16  SCV  
  45  4:18  Starport  
  45  4:23  SCV  
  45  4:24  SCV  
  47  4:26  Factory Tech Lab  
  47  4:28  SCV  
  47  4:30  Marine x3  
  51  4:35  SCV  
  51  4:37  Supply Depot x2  
  52  4:40  SCV  
  52  4:42  SCV  
  52  4:43  Engineering Bay x2  
  52  4:44  Marine  
  52  4:45  Marine  
  55  4:48  SCV  
  55  4:50  Refinery  
  57  4:54  SCV  
  57  4:59  Marine x3  
  60  5:01  Starport Reactor, Siege Tank  
  60  5:02  SCV  
  60  5:03  SCV  
  66  5:09  SCV  
  66  5:10  Terran Infantry Weapons Level 1, Terran Infantry Armor Level 1  
  67  5:14  SCV  
  67  5:18  Marine x2, Supply Depot  
  67  5:20  Refinery, Marine  
  71  5:24  SCV  
  71  5:25  Orbital Command  
  73  5:32  Marine x2  
  74  5:39  Siege Tank  
  74  5:40  Marine x3, Barracks  
  74  5:41  Refinery, Barracks  
  80  5:43  SCV  
  80  5:49  SCV  
  82  5:52  Marine x2  
  84  5:58  Supply Depot  
  84  6:00  Supply Depot  
  84  6:01  SCV  
  85  6:10  Marine x4  
  85  6:11  SCV x2, Medivac  
  93  6:15  Supply Depot  
  93  6:19  Marine, SCV, Medivac  
  97  6:27  Supply Depot  
  97  6:28  Marine  
  97  6:31  SCV x2, Supply Depot  
  97  6:32  SCV  
  101  6:33  Marine  
  101  6:34  Marine, Barracks Reactor x2  
  101  6:35  Siege Tank  
  101  6:36  Marine  
  105  6:48  Marine x2  
  105  6:49  Medivac  
  105  6:51  Marine  
  110  6:55  SCV  
  111  7:01  Armory  
  111  7:04  Barracks  
  111  7:06  Marine x2, Barracks x2  
  113  7:10  SCV x3  
  113  7:13  Supply Depot  
  113  7:15  Supply Depot  
  116  7:22  SCV x2  
  118  7:24  Marine  
  118  7:25  Marine x8  
  118  7:26  Siege Tank, Medivac  
Tags
 
Add a new tag
Caveats
  • Supply blocks, unpowered buildings, or Contaminate may cause inaccurate times.
  • Supply counts are checked every 10 seconds.